 Dungeon Crawl Stone Soup version 0.31-a0-200-gbc41564c69 (webtiles) character file.

Game seed: 4111423127299625658

1133 qw the Skirmisher (level 8, -2/45 HPs)
             Began as a Deep Elf Hunter on June 25, 2023.
             Was a Follower of Okawaru.
             Slain by a gnoll
             ... wielding a +0 spear
             ... led by a gnoll bouda
              (3 damage)
             ... on level 6 of the Dungeon.
             The game lasted 00:01:57 (4260 turns).

qw the Skirmisher (Deep Elf Hunter)                 Turns: 4260, Time: 00:01:57

Health: -2/45      AC: 12    Str: 10    XL:     8   Next: 14%
Magic:  8/11       EV: 12    Int: 15    God:    Okawaru [*.....]
Gold:   269        SH:  0    Dex: 18    Spells: 7/7 levels left

rFire   + + .        Y - +1 shortbow (drain)
rCold   . . .        (shield currently unavailable)
rNeg    . . .        m - +0 scale mail {rF+}
rPois   .            (no helmet)
rElec   .            (no cloak)
rCorr   .            d - +1 pair of gloves
SInv    +            k - +1 pair of boots
Will    .....        (no amulet)
Stlth   ++           a - ring of see invisible
HPRegen 0.27/turn    l - ring of protection from fire
MPRegen 0.12/turn

%: no passive effects
@: about to teleport, heroic
A: no striking features
a: Renounce Religion, Heroism


You were on level 6 of the Dungeon.
You worshipped Okawaru.
Okawaru was aware of your devotion.
You visited 2 branches of the dungeon, and saw 7 of its levels.

You collected 269 gold pieces.


   Skills:
 - Level 2.7(7.7) Fighting
 + Level 11.8(16.8) Ranged Weapons
 - Level 1.3(6.3) Armour
 - Level 4.0(9.0) Dodging
 - Level 1.2(6.2) Stealth
 + Level 2.4 Invocations


You had 7 spell levels left.
You didn't know any spells.
Your spell library was empty.

Inventory:

Hand Weapons
 Y - a +1 shortbow of draining (weapon)
Armour
 d - a +1 pair of gloves (worn)
 g - a +0 ring mail
 k - a +1 pair of boots (worn)
 m - a +0 scale mail of fire resistance (worn)
 p - a +2 helmet
Jewellery
 a - a ring of see invisible (left hand)
 l - a ring of protection from fire (right hand)
Scrolls
 c - 2 scrolls of identify
Potions
 b - a potion of lignification {unknown}
 e - 2 potions of heal wounds
 f - a potion of curing
 h - 2 potions of magic {unknown}
 i - 2 potions of brilliance {unknown}
 j - a potion of cancellation {unknown}
 o - a potion of degeneration {unknown}

Dungeon Overview and Level Annotations

Branches:
Dungeon (6/15)             Temple (1/1) D:4

Altars:
Ashenzari
Cheibriados
Dithmenos
Elyvilon
Fedhas
Gozag
Hepliaklqana
Kikubaaqudgha
Makhleb
Nemelex Xobeh
Okawaru
Qazlal
Ru
Sif Muna
Trog
Vehumet
Wu Jian
Xom
Yredelemnul
Zin
The Shining One

Shops:
D:5 *

Annotations:
D:6 Edmund


Message History

The gnoll bouda is almost dead.
You shoot an arrow.
The arrow closely misses the gnoll bouda.
You shoot an arrow.
The arrow barely misses the gnoll bouda.
The arrow closely misses the gnoll.
The gnoll hits you but does no damage.
You shoot an arrow. The arrow hits the gnoll bouda!
You kill the gnoll bouda!
Okawaru accepts your kill. The gnoll closely misses you.
You shoot an arrow. The arrow closely misses Edmund.
The gnoll closely misses you. The gnoll barely misses you.
Edmund completely misses you.
You shoot an arrow. The arrow hits Edmund!
Edmund is moderately wounded.
The gnoll closely misses you. The gnoll hits you but does no damage.
You shoot an arrow. The arrow hits Edmund.
You drain Edmund.
Edmund is heavily wounded.
Edmund hits you with a +5 heavy dire flail!
The gnoll closely misses you. The gnoll misses you.
You shoot an arrow. The arrow hits Edmund.
You drain Edmund.
Edmund is heavily wounded.
You feel like a meek peon again. The gnoll barely misses you.
The gnoll hits you but does no damage.
Edmund hits you with a +5 heavy dire flail!!
4258 ||| INVOKING Heroism.
You gain the combat prowess of a mighty hero.
The gnoll is no longer moving quickly.
The gnoll hits you but does no damage. The gnoll barely misses you.
You shoot an arrow.
The arrow hits Edmund but does no damage.
Edmund is heavily wounded.
Edmund hits you with a +5 heavy dire flail!
The gnoll closely misses you. The gnoll hits you but does no damage.
4260 ||| READING scroll of teleportation.
As you read the scroll of teleportation, it crumbles to dust.
You feel strangely unstable.
The gnoll hits you from afar with a +0 spear.
You die...

.. .# .. ..#
##)##..##
..).....#
#g..#.....
#gg..##...
##)@.......
#.@......#
#........#
#.....#..##.
##....#.....
#......# ###
##.....# ####.#
##...##
####.#..#
##..####.#...#..
##........#..)#


You could see Edmund (very drained) and 3 gnolls.

Vanquished Creatures
  Grinder (D:6)
  A black bear (D:5)
  A sky beast (D:4)
  An ogre (D:5)
  2 phantoms
  A scorpion (D:5)
  A howler monkey (D:4)
  4 hounds
  A gnoll bouda (D:6)
  2 jellies
  A sleepcap (D:4)
  An iguana (D:3)
  An orc wizard (D:3)
  3 adders
  2 gnolls (D:6)
  3 worms
  7 orcs
  10 endoplasms
  2 giant cockroaches (D:1)
  4 goblins
  3 hobgoblins (D:1)
  9 kobolds
  7 quokkas
  6 ball pythons
  3 bats
  3 rats (D:1)
80 creatures vanquished.

Notes
Turn   | Place    | Note
-------+----------+-------------------------------------------
     0 | D:1      | qw the Deep Elf Hunter began the quest for the Orb.
     0 | D:1      | Reached XP level 1. HP: 12/12 MP: 3/3
     0 | D:1      | 0 ||| qw: Version: 0.3-a-22-g0ed2b0b
     0 | D:1      | 0 ||| qw: Game counter: 5478
     0 | D:1      | 0 ||| qw: Melee chars always use a shield: true
     0 | D:1      | 0 ||| qw: God list: Okawaru
     0 | D:1      | 0 ||| qw: Allow faded altars: false
     0 | D:1      | 0 ||| qw: Do Orc after clearing Dungeon:15 true
     0 | D:1      | 0 ||| qw: Do second Lair branch before Depths: true
     0 | D:1      | 0 ||| qw: Lair rune preference: random
     0 | D:1      | 0 ||| qw: Goals: Normal
     0 | D:1      | 0 ||| PLANNING D:1-11
    84 | D:1      | Reached skill level 6 in Ranged Weapons
    84 | D:1      | Reached XP level 2. HP: 16/16 MP: 4/4
   471 | D:1      | Reached XP level 3. HP: 20/20 MP: 5/5
   767 | D:1      | 767 ||| UPGRADING to +0 ring mail.
   777 | D:1      | 777 ||| DROPPING +0 leather armour.
   778 | D:1      | 778 ||| UPGRADING to +1 pair of boots.
   783 | D:1      | 783 ||| DROPPING ring of wizardry.
   784 | D:1      | 784 ||| READING scroll labelled ALUREU HETOS.
   785 | D:1      | 785 ||| READING scroll labelled WEMYIKUHEE.
   786 | D:1      | 786 ||| DROPPING scroll of butterflies.
   788 | D:1      | 788 ||| Stepping ~*~*~tactically~*~*~ (cloud).
   794 | D:1      | HP: 5/20 [poisoned by you (poison gas)]
   913 | D:2      | Reached skill level 7 in Ranged Weapons
  1505 | D:2      | 1505 ||| UPGRADING to +0 pair of gloves.
  1510 | D:2      | 1510 ||| READING scroll labelled MUTOOR KICAF.
  1511 | D:2      | 1511 ||| READING scroll labelled QUAVEAREGYI.
  1512 | D:2      | 1512 ||| READING 3 scrolls of identify.
  1512 | D:2      | 1512 ||| IDENTIFYING fizzy pink potion
  1513 | D:2      | 1513 ||| READING 2 scrolls of identify.
  1513 | D:2      | 1513 ||| IDENTIFYING inky potion
  1597 | D:3      | Reached XP level 4. HP: 23/25 MP: 6/6
  1634 | D:3      | Upgraded the game from 0.31-a0-198-g2ad674f65e to
                  | 0.31-a0-200-gbc41564c69
  1634 | D:3      | 1634 ||| PLANNING D:1-11
  1634 | D:3      | 1634 ||| READING scroll labelled ACOVVO BEMI.
  1639 | D:3      | 1639 ||| Stepping randomly (disturbance).
  1640 | D:3      | 1640 ||| Stepping randomly (disturbance).
  1646 | D:3      | 1646 ||| Stepping ~*~*~tactically~*~*~ (cloud).
  1746 | D:3      | Found a faded altar of an unknown god.
  1772 | D:3      | Reached skill level 8 in Ranged Weapons
  2203 | D:3      | 2203 ||| UPGRADING to ring of see invisible.
  2204 | D:3      | 2204 ||| READING scroll labelled CEANOOM TIMEAMOENO.
  2268 | D:4      | Reached XP level 5. HP: 29/29 MP: 7/7
  2284 | D:4      | Reached skill level 9 in Ranged Weapons
  2379 | D:4      | Noticed a sky beast
  2389 | D:4      | Killed a sky beast
  2390 | D:4      | Reached XP level 6. HP: 36/36 MP: 8/8
  2504 | D:4      | Found a shadowy altar of Dithmenos.
  2611 | D:4      | Found a staircase to the Ecumenical Temple.
  2612 | D:4      | 2612 ||| PLANNING TEMPLE
  2612 | D:4      | 2612 ||| UPGRADING to ring of protection from fire.
  2613 | D:4      | 2613 ||| READING scroll labelled PIPNIV OQUG.
  2620 | D:4      | Reached skill level 1 in Armour
  2624 | Temple   | Entered the Ecumenical Temple
  2632 | Temple   | 2632 ||| PLANNING OKAWARU WORSHIP
  2731 | Temple   | Became a worshipper of Warmaster Okawaru
  2732 | Temple   | 2732 ||| PLANNING D:1-11
  2828 | D:4      | Found a broken altar of Ashenzari.
  3204 | D:5      | Entered Level 5 of the Dungeon
  3362 | D:5      | Reached skill level 10 in Ranged Weapons
  3362 | D:5      | Reached XP level 7. HP: 32/40 MP: 9/9
  3579 | D:5      | Found a blossoming altar of Fedhas.
  3586 | D:5      | Found a radiant altar of Vehumet.
  3604 | D:5      | 3604 ||| READING scroll of enchant armour.
  3604 | D:5      | 3604 ||| ENCHANTING +0 pair of gloves.
  3803 | D:5      | Found Zasoluit's Gadget Gallery.
  3888 | D:5      | Found an ornate altar of the Wu Jian Council.
  3914 | D:5      | Reached * piety under Okawaru
  3948 | D:5      | 3948 ||| UPGRADING to +0 scale mail of fire resistance.
  3958 | D:5      | 3958 ||| READING scroll labelled LIMIL JYAC.
  3959 | D:5      | 3959 ||| READING scroll labelled YDGHIP ZEOLOU.
  4016 | D:6      | Reached skill level 1 in Invocations
  4021 | D:6      | Noticed Grinder
  4022 | D:6      | 4022 ||| INVOKING Heroism.
  4029 | D:6      | Paralysed by Grinder for 5 turns
  4037 | D:6      | Killed Grinder
  4038 | D:6      | Reached skill level 11 in Ranged Weapons
  4110 | D:6      | Reached XP level 8. HP: 45/45 MP: 9/11
  4171 | D:6      | 4171 ||| INVOKING Heroism.
  4246 | D:6      | 4246 ||| INVOKING Heroism.
  4247 | D:6      | Noticed Edmund
  4258 | D:6      | 4258 ||| INVOKING Heroism.
  4259 | D:6      | HP: 1/45 [Edmund/+5 heavy dire flail (14)]
  4260 | D:6      | 4260 ||| READING scroll of teleportation.
  4260 | D:6      | Slain by a gnoll

Levels and vault maps discovered:
D:1:      lemuel_arrival_lava_pool, layout_loops_ring
D:2:      layout_basic
D:3:      layout_loops_ring, shapermc_ecumenical_altar_mp_ritualfount
D:4:      layout_loops_ring, nicolae_overflow_crystal_walls, lemuel_tele_altar,
          minmay_temple_entry_slanted, roderic_lattice_a
D:5:      dreamdust_elfheim, layout_loops_ring, mainiacjoe_overflow_catwalk,
          mainiacjoe_overflow_catwalk_spiral, minmay_misc_feat_doors,
          nicolae_shop_gadgets
D:6:      minmay_spotlight, layout_cave_pools, serial_shops,
          nicolae_shop_back_alley_shop, uniq_grinder, uniq_prince_ribbit1,
          uniq_edmund, uniq_menkaure
Temple:   nicolae_temple_superstar

Skill      XL: |  1  2  3  4  5  6  7  8 |
---------------+-------------------------+-----
Ranged Weapons | 6 7 8 9 10 11 | 11.8
Fighting       | 2 |  2.7
Armour         | 1 |  1.3
Dodging        | 4 |  4.0
Invocations    | 1 2 |  2.4
Stealth        | |  1.2

Action                     |  1- 3 |  4- 6 |  7- 9 || total
---------------------------+-------+-------+-------++-------
   Fire: Shortbow          |   111 |   119 |    70 ||   300
 Invoke: Heroism           |       |       |     4 ||     4
    Use: Scroll            |     6 |     3 |     4 ||    13
 Armour: Leather armour    |     8 |       |       ||     8
         Ring mail         |     2 |    26 |     4 ||    32
         Scale mail        |       |       |    10 ||    10
  Dodge: Dodged            |    33 |    36 |    28 ||    97

Table legend:
 A = Non-vault XP
 B = Vault XP
 C = Vault XP percentage of total XP
 D = Non-vault monster count
 E = Vault monster count
 F = Vault count percentage of total count
                 A         B        C        D         E       F
            +---------+---------+-------+---------+---------+-------
      Total |    1184 |     435 |  26.9 |      74 |       6 |   7.5
            +---------+---------+-------+---------+---------+-------
        D:1 |      48 |       0 |   0.0 |      28 |       0 |   0.0
        D:2 |      47 |       0 |   0.0 |      10 |       0 |   0.0
        D:3 |      98 |       0 |   0.0 |      14 |       0 |   0.0
        D:4 |     323 |       0 |   0.0 |      12 |       0 |   0.0
        D:5 |     491 |       0 |   0.0 |       6 |       0 |   0.0
        D:6 |     177 |     435 |  71.1 |       4 |       6 |  60.0
            +---------+---------+-------+---------+---------+-------
